Map: Frozen Temple

Players

ReacH - Winner!

  • Race: Protoss Protoss
  • League: Diamond

IllI

  • Race: Terran Terran
  • League: Diamond

VOD

Have the link to the VOD?

Description

Time

  • Played on: April 13, 2016, 3:20 p.m.
  • Length: 17:33
Show
View Real Time Build Order
Export as new Build Order

ReacH Protoss - Winner!

Build Orders: 1 Gate Expand 

Get SALT Encoding   

  12  0:02  Probe (Chrono Boost)  
  13  0:12  Probe (Chrono Boost)  
  14  0:21  Pylon  
  14  0:23  Probe (Chrono Boost)  
  15  0:39  Probe (Chrono Boost), Gateway  
  16  0:46  Assimilator  
  16  0:50  Probe (Chrono Boost)  
  17  1:00  Probe (Chrono Boost)  
  19  1:11  Probe (Chrono Boost)  
  19  1:27  Nexus  
  19  1:28  Probe (Chrono Boost)  
  20  1:39  Probe (Chrono Boost)  
  21  1:44  Cybernetics Core  
  21  1:48  Assimilator  
  21  1:49  Probe (Chrono Boost)  
  22  1:56  Pylon  
  22  2:01  Probe (Chrono Boost)  
  23  2:14  Probe (Chrono Boost)  
  24  2:20  Stalker  
  26  2:25  Mothership Core (Chrono Boost)  
  28  2:36  Warp Gate  
  28  2:39  Probe (Chrono Boost)  
  28  2:43  Probe (Chrono Boost)  
  30  2:48  Probe (Chrono Boost)  
  30  2:50  Stalker (Chrono Boost)  
  33  2:55  Probe  
  34  2:58  Probe  
  34  3:04  Pylon  
  34  3:05  Pylon  
  35  3:07  Probe  
  35  3:09  Probe  
  36  3:17  Stalker (Chrono Boost)  
  36  3:19  Probe  
  38  3:27  Probe  
  38  3:31  Twilight Council  
  39  3:37  Probe  
  40  3:42  Probe  
  41  3:53  Probe  
  41  3:54  Robotics Facility  
  42  3:56  Probe  
  43  4:05  Probe  
  43  4:07  Pylon  
  43  4:08  Blink (Chrono Boost)  
  44  4:10  Probe  
  44  4:12  Gateway  
  45  4:18  Probe  
  45  4:21  Probe  
  45  4:25  Pylon  
  45  4:30  Probe, Gateway  
  46  4:34  Pylon  
  46  4:37  Probe  
  46  4:42  Probe  
  46  4:43  Observer (Chrono Boost)  
  49  4:46  Stalker  
  49  4:50  Probe  
  49  4:52  Gateway  
  52  5:04  Pylon  
  52  5:05  Observer  
  52  5:06  Pylon  
  52  5:12  Stalker  
  56  5:14  Probe x2  
  56  5:16  Assimilator x2  
  57  5:23  Stalker, Observer  
  60  5:30  Probe  
  60  5:34  Stalker  
  63  5:38  Probe  
  63  5:39  Warp Prism  
  64  5:47  Stalker x2  
  64  5:48  Probe  
  71  5:51  Probe  
  71  5:56  Resonating Glaives (Chrono Boost)  
  68  6:03  Stalker x2  
  72  6:06  Pylon  
  72  6:07  Pylon  
  68  6:13  Probe  
  68  6:16  Stalker x2  
  71  6:23  Nexus  
  71  6:26  Probe x2  
  73  6:35  Immortal  
  73  6:38  Probe  
  73  6:39  Pylon  
  74  6:43  Templar Archives  
  78  7:04  Gateway  
  78  7:07  Gateway  
  78  7:08  Gateway, Stalker, Pylon  
  80  7:20  Adept  
  80  7:21  Adept x2  
  83  7:30  Probe  
  83  7:31  Psionic Storm  
  83  7:34  Assimilator  
  83  7:35  Assimilator  
  83  7:36  Forge  
  84  7:55  Stalker x2  
  84  7:56  Stalker x2  
  88  8:03  Probe  
  88  8:04  Probe  
  86  8:11  Probe  
  87  8:15  Adept x2, Probe  
  87  8:17  Probe, Immortal  
  91  8:21  Protoss Ground Weapons Level 1  
  91  8:23  Probe  
  86  8:44  Probe, Stalker x6  
  86  8:45  Stalker  
  99  9:01  Pylon  
  99  9:07  High Templar x2  
  99  9:08  High Templar x3  
  109  9:14  Pylon  
  109  9:16  Nexus, Pylon, Observer  
  110  9:33  Pylon  
  110  9:39  Adept x2  
  110  9:40  Adept x5, Immortal  
  115  10:01  Adept  
  115  10:02  Adept x5  
  95  10:25  Probe, Stalker x6  
  95  10:27  Probe  
  109  10:30  Probe  
  109  10:32  Probe  
  109  10:34  Warp Prism  
  113  10:42  Probe  
  113  10:44  Probe  
  113  10:46  Probe  
  113  10:49  High Templar  
  118  10:50  High Templar  
  118  10:55  High Templar x2  
  118  10:56  High Templar  
  126  10:58  Probe, High Templar  
  126  11:01  Probe  
  130  11:05  Protoss Ground Weapons Level 2  
  130  11:06  Probe  
  130  11:08  Probe  
  132  11:13  Assimilator  
  132  11:15  Probe  
  132  11:16  Assimilator  
  132  11:18  Immortal  
  133  11:19  Pylon  
  137  11:27  Probe  
  137  11:30  Probe  
  137  11:31  Probe  
  137  11:32  Probe  
  140  11:37  Probe  
  141  11:41  Probe, High Templar x4  
  141  11:42  Adept  
  141  11:43  Probe  
  141  11:44  Probe  
  154  11:48  Probe  
  154  11:51  Probe  
  156  12:07  Stalker x2  
  158  12:22  Pylon  
  158  12:25  Pylon x2  
  156  12:38  Dark Shrine  
  156  12:41  Adept x4  
  164  12:45  Charge (Chrono Boost)  
  164  12:48  Forge  
  164  12:49  High Templar x2  
  168  12:59  Gateway x2  
  168  13:01  Stalker x2  
  168  13:02  Gateway x2, Stalker x2  
  176  13:08  Observer  
  177  13:21  Protoss Ground Armor Level 1  
  156  14:05  Nexus  
  121  14:33  Assimilator  
  121  14:34  Assimilator  
  121  14:37  Pylon  
  121  14:38  Pylon  
  121  14:41  Pylon x2  
  121  14:42  Pylon  
  104  15:00  Dark Templar x7  
  98  15:24  Nexus  
  92  16:12  Probe  
  93  16:24  Probe  
  94  16:27  Nexus  
  94  16:34  Nexus  
  94  16:35  Probe  
  94  16:37  Probe  
  96  16:41  Assimilator  
  96  16:44  Assimilator  
  96  16:45  Probe  
  97  17:01  Probe  
Show
View Real Time Build Order
Export as new Build Order

IllI Terran 

Build Orders: Reaper Expand, MMM Bio 

Get SALT Encoding   

  12  0:01  SCV  
  13  0:13  SCV  
  14  0:19  Supply Depot  
  14  0:25  SCV  
  15  0:41  SCV  
  16  0:44  Barracks  
  16  0:48  Refinery  
  16  0:53  SCV  
  17  1:05  SCV  
  18  1:17  SCV  
  19  1:34  Reaper  
  19  1:36  Supply Depot  
  19  1:37  Orbital Command  
  20  2:03  SCV  
  20  2:04  Command Center  
  20  2:08  Barracks Reactor  
  21  2:30  SCV  
  21  2:31  Factory  
  21  2:32  Refinery  
  21  2:36  Barracks  
  22  2:44  Marine x2  
  24  2:54  SCV  
  24  3:06  Marine  
  24  3:08  Marine  
  26  3:23  Widow Mine  
  28  3:28  Marine x2  
  28  3:31  Barracks Tech Lab  
  28  3:34  SCV  
  31  3:35  Orbital Command  
  31  3:36  Bunker  
  30  3:46  Marine x2, SCV  
  33  3:52  Marine, Stimpack  
  33  4:03  Marine  
  33  4:07  Factory Tech Lab  
  33  4:08  Orbital Command  
  34  4:11  SCV  
  34  4:23  SCV  
  34  4:28  Cyclone, Marine x2  
  34  4:29  Marine  
  40  4:35  Starport  
  40  4:36  SCV  
  41  4:51  SCV x2  
  43  4:54  Marine x2  
  43  4:55  Marine  
  46  5:13  Supply Depot  
  46  5:14  Supply Depot  
  46  5:15  Supply Depot  
  46  5:35  Marine, SCV x2, Siege Tank, Medivac  
  54  5:36  Marine, Marauder  
  57  5:47  SCV x2  
  59  5:50  Command Center  
  59  5:52  Marine  
  59  5:54  Marine  
  61  5:59  SCV  
  58  6:11  Marine  
  52  6:12  Marine  
  52  6:15  SCV  
  52  6:18  Siege Tank  
  52  6:20  Marauder  
  52  6:23  Barracks  
  52  6:24  SCV  
  54  6:25  Barracks  
  54  6:28  Marine, Medivac  
  54  6:30  Marine  
  58  6:38  Combat Shields  
  58  6:39  SCV  
  59  6:40  SCV  
  59  6:45  Supply Depot  
  59  6:46  Supply Depot  
  60  6:51  SCV  
  61  6:58  SCV  
  61  7:00  Engineering Bay  
  62  7:02  Siege Tank  
  62  7:04  SCV  
  66  7:12  SCV  
  67  7:21  Marine  
  67  7:22  Marine, Marauder  
  71  7:24  Barracks Reactor, Barracks Tech Lab  
  71  7:26  SCV  
  71  7:27  SCV  
  71  7:29  Refinery  
  73  7:33  Starport Reactor  
  73  7:38  Siege Tank, SCV  
  73  7:39  Marine x2  
  79  7:45  Refinery x2  
  79  7:46  Marine  
  69  8:05  Marine x3, Marauder  
  69  8:06  Marine x2  
  70  8:16  SCV  
  70  8:18  SCV  
  72  8:23  Marine x3  
  72  8:24  Orbital Command  
  75  8:38  Marine  
  75  8:39  Marauder x2  
  75  8:40  Siege Tank  
  75  8:41  Marine x3  
  86  8:49  Medivac x2  
  86  8:51  SCV  
  86  8:52  SCV  
  92  8:56  Marine  
  92  9:00  Marine, SCV  
  92  9:01  Marine, Marauder  
  98  9:04  Missile Turret  
  100  9:10  Marine, Marauder  
  100  9:14  Supply Depot x2  
  101  9:35  Marine, SCV x3, Marauder  
  101  9:36  Marine x2, Marauder  
  101  9:37  Marine, Siege Tank  
  115  9:43  Supply Depot  
  115  9:44  Supply Depot  
  115  9:47  SCV x2  
  117  10:04  Marine  
  75  10:24  Marine x3  
  75  10:25  Marauder  
  75  10:27  Marine, Marauder  
  80  10:29  Siege Tank, SCV  
  84  10:42  Marine x3  
  86  10:43  SCV x2, Barracks  
  86  10:44  SCV  
  86  10:45  Terran Infantry Weapons Level 1  
  86  10:46  Marauder  
  86  10:49  Marine  
  94  10:50  Marauder  
  94  10:55  SCV  
  96  10:58  SCV  
  96  11:00  Marine x2  
  96  11:01  SCV  
  100  11:07  SCV, Marauder  
  100  11:08  Siege Tank  
  100  11:10  SCV  
  109  11:11  Marauder  
  109  11:14  Marine x2  
  109  11:16  SCV  
  112  11:19  SCV  
  112  11:20  Liberator  
  112  11:22  SCV  
  114  11:28  Marine x3, SCV  
  118  11:33  Marine x2  
  118  11:34  Marauder  
  118  11:35  SCV  
  118  11:36  SCV  
  127  11:42  Refinery  
  127  11:44  SCV  
  127  11:46  Marine x2  
  131  11:47  Marauder  
  131  11:48  SCV  
  131  11:51  Marine  
  131  11:53  Marine  
  133  11:57  Marauder  
  132  12:04  Marine  
  132  12:13  Marine, Missile Turret  
  132  12:14  Marine  
  132  12:15  Bunker  
  133  12:22  Marine  
  133  12:24  SCV  
  133  12:29  Supply Depot  
  133  12:30  Supply Depot  
  133  12:32  Supply Depot, Marine  
  133  12:33  Barracks Reactor, SCV, Barracks  
  133  12:50  Marine x2  
  133  12:51  Marine, SCV x2, Siege Tank, Marauder x2  
  141  12:53  Marine  
  141  12:57  Medivac x2  
  150  13:05  SCV  
  150  13:08  Marine  
  150  13:10  Supply Depot, Terran Infantry Armor Level 1  
  150  13:11  Barracks  
  150  13:12  Barracks, Marauder  
  154  13:13  Marauder  
  154  13:14  Liberator  
  154  13:15  Supply Depot  
  154  13:17  Marine  
  157  13:25  Marine  
  157  13:29  SCV  
  157  13:30  Marine  
  157  13:31  Marine x3  
  164  13:34  Marauder  
  66  15:16  Orbital Command  
  46  15:23  SCV  
  45  15:35  SCV  
  43  15:47  SCV  
  42  15:50  Barracks Reactor  
  42  15:52  Barracks Reactor  
  39  15:59  Command Center, Barracks Tech Lab, Barracks  
  39  16:02  Barracks Tech Lab, Barracks  
  33  16:46  Command Center  
  24  16:47  Barracks  
  24  16:49  Barracks  
  23  16:56  Marine x4, Marauder x2  
  23  16:58  SCV  
  32  17:14  Marine x3  
Tags
 
Add a new tag
Caveats
  • Supply blocks, unpowered buildings, or Contaminate may cause inaccurate times.
  • Supply counts are checked every 10 seconds.